Map: Lerilak Crest

Players

Ladyboy

  • Race: Protoss Protoss
  • League: Master

LipStick - Winner!

  • Race: Terran Terran
  • League: Diamond

VOD

Have the link to the VOD?

Description

Time

  • Played on: March 15, 2016, 5:16 a.m.
  • Length: 14:48
Show
View Real Time Build Order
Export as new Build Order

Ladyboy Protoss 

Build Orders: Oracle Opening 

Get SALT Encoding   

  12  0:01  Probe (Chrono Boost)  
  13  0:11  Probe (Chrono Boost)  
  14  0:19  Pylon  
  14  0:22  Probe (Chrono Boost)  
  15  0:38  Probe (Chrono Boost)  
  15  0:40  Gateway  
  16  0:45  Assimilator  
  16  0:48  Probe (Chrono Boost)  
  17  0:58  Assimilator  
  17  0:59  Probe (Chrono Boost)  
  18  1:09  Probe (Chrono Boost)  
  19  1:20  Probe (Chrono Boost)  
  20  1:28  Cybernetics Core  
  20  1:30  Probe (Chrono Boost)  
  21  1:33  Pylon  
  21  1:41  Probe (Chrono Boost)  
  22  1:51  Probe (Chrono Boost)  
  23  2:02  Probe (Chrono Boost)  
  23  2:06  Nexus  
  24  2:13  Mothership Core (Chrono Boost)  
  25  2:30  Stalker  
  25  2:31  Probe (Chrono Boost), Warp Gate  
  28  2:42  Probe (Chrono Boost)  
  28  2:43  Stargate  
  29  2:52  Probe (Chrono Boost)  
  30  3:03  Probe (Chrono Boost)  
  30  3:04  Pylon  
  31  3:18  Stalker, Probe (Chrono Boost)  
  34  3:20  Probe (Chrono Boost)  
  34  3:27  Oracle (Chrono Boost)  
  35  3:28  Probe  
  35  3:29  Probe  
  35  3:31  Pylon  
  40  3:35  Robotics Facility  
  40  3:40  Probe x2  
  41  3:44  Pylon  
  42  3:50  Pylon  
  42  3:51  Probe  
  42  3:55  Stalker  
  45  3:56  Probe  
  45  4:01  Probe  
  46  4:07  Oracle (Chrono Boost)  
  46  4:08  Probe  
  51  4:12  Probe  
  51  4:16  Assimilator  
  52  4:20  Probe  
  52  4:23  Probe  
  53  4:26  Observer  
  55  4:32  Probe  
  55  4:33  Probe  
  57  4:45  Probe  
  58  4:48  Probe  
  58  4:51  Oracle (Chrono Boost)  
  59  4:57  Probe  
  59  4:58  Assimilator  
  59  4:59  Probe  
  60  5:01  Pylon  
  60  5:06  Observer  
  62  5:09  Probe x2  
  62  5:10  Forge  
  64  5:21  Probe  
  65  5:24  Probe  
  63  5:31  Twilight Council  
  63  5:33  Probe, Gateway  
  63  5:34  Stalker, Probe  
  66  5:36  Gateway  
  66  5:38  Gateway  
  66  5:39  Pylon  
  66  5:40  Gateway  
  67  5:44  Photon Cannon  
  67  5:45  Probe  
  67  5:46  Protoss Ground Armor Level 1, Pylon  
  67  5:47  Photon Cannon  
  68  5:51  Immortal  
  68  5:52  Probe  
  73  6:06  Probe  
  73  6:07  Probe  
  75  6:14  Blink (Chrono Boost)  
  75  6:18  Stalker  
  77  6:19  Probe  
  78  6:30  Immortal  
  78  6:32  Nexus  
  82  6:34  Pylon  
  82  6:44  Probe  
  82  6:46  Stalker x3  
  82  6:47  Stalker x2  
  93  7:03  Pylon  
  93  7:06  Probe  
  94  7:09  Probe  
  94  7:12  Immortal  
  94  7:13  Stalker, Templar Archives  
  94  7:14  Pylon  
  101  7:18  Probe, Pylon  
  101  7:20  Probe  
  103  7:32  Stalker  
  103  7:33  Stalker x3  
  103  7:34  Probe  
  112  7:40  Probe  
  113  7:46  Probe  
  113  7:50  Probe  
  113  7:51  Probe  
  114  7:52  Psionic Storm  
  116  7:58  Probe  
  116  8:01  Probe  
  116  8:02  Oracle  
  118  8:06  Stalker x2  
  122  8:14  Probe  
  122  8:16  Assimilator  
  123  8:20  Assimilator  
  123  8:21  Gateway  
  123  8:22  Gateway  
  123  8:23  Photon Cannon  
  123  8:26  Observer  
  124  8:28  Protoss Ground Armor Level 2  
  122  8:43  High Templar  
  124  8:54  High Templar  
  126  8:55  Zealot x2  
  126  8:56  Zealot  
  130  9:18  Zealot x4  
  107  9:36  High Templar x3  
  107  9:37  Zealot x2  
  67  10:08  Pylon  
  59  10:16  Archon  
  59  10:17  Archon  
  59  10:20  Probe x2  
  59  10:22  Nexus  
  59  10:23  Stalker x3  
  59  10:24  Stalker x4  
  59  10:28  Robotics Facility  
  74  10:32  Probe  
  74  10:34  Immortal (Chrono Boost)  
  78  10:42  Probe  
  76  10:49  Robotics Facility  
  77  10:52  Robotics Facility  
  77  10:57  Assimilator  
  77  11:01  Assimilator  
  77  11:04  High Templar, Pylon  
  77  11:06  Zealot  
  77  11:07  Zealot x2  
  77  11:08  Nexus  
  77  11:09  Immortal (Chrono Boost)  
  77  11:10  High Templar  
  91  11:11  Zealot  
  91  11:12  Zealot  
  95  11:32  Zealot x2  
  101  11:33  Zealot x3  
  101  11:35  Immortal (Chrono Boost)  
  109  11:44  Immortal (Chrono Boost)  
  113  11:50  Zealot x2  
  125  11:56  Probe x2  
  127  12:06  High Templar  
  127  12:07  Zealot  
  135  12:14  Immortal (Chrono Boost)  
  117  13:20  Cybernetics Core  
  80  14:05  Archon  
Show
View Real Time Build Order
Export as new Build Order

LipStick Terran - Winner!

Build Orders: Reaper Expand, MMM Bio 

Get SALT Encoding   

  12  0:01  SCV  
  13  0:13  SCV  
  14  0:17  Supply Depot  
  14  0:25  SCV  
  15  0:39  SCV  
  15  0:40  Barracks  
  16  0:48  Refinery  
  16  0:51  SCV  
  17  1:03  SCV  
  18  1:15  SCV  
  19  1:27  Orbital Command  
  19  1:31  Reaper  
  20  1:47  Command Center  
  20  1:53  SCV  
  21  2:07  SCV  
  22  2:08  Factory  
  22  2:18  Supply Depot  
  22  2:19  SCV  
  23  2:26  Barracks Reactor  
  23  2:30  Refinery  
  23  2:40  SCV  
  24  2:52  Factory Tech Lab, SCV  
  25  2:58  Orbital Command  
  25  3:02  Marine x2  
  25  3:04  SCV  
  28  3:14  Cyclone  
  28  3:16  SCV  
  31  3:22  Marine  
  31  3:23  Marine  
  31  3:25  Supply Depot, SCV  
  34  3:28  SCV  
  34  3:33  Starport  
  35  3:37  SCV  
  35  3:40  Marine x2, SCV  
  39  3:49  SCV  
  39  3:54  Supply Depot, SCV  
  41  4:01  SCV  
  42  4:06  Barracks, SCV  
  42  4:09  Marine x2  
  45  4:10  Liberator  
  45  4:13  SCV  
  45  4:15  Fusion Core  
  46  4:19  Refinery, SCV  
  46  4:24  Engineering Bay  
  47  4:25  SCV  
  47  4:31  SCV  
  52  4:35  Marine x2  
  52  4:37  SCV  
  48  4:52  SCV  
  49  5:00  SCV  
  49  5:01  Advanced Ballistics  
  49  5:02  Marine  
  49  5:06  SCV  
  52  5:10  Marine  
  52  5:12  SCV, Barracks Tech Lab  
  54  5:18  SCV  
  49  5:26  SCV  
  47  5:30  Marine  
  47  5:31  Marine  
  49  5:37  Stimpack  
  49  5:39  Marine  
  49  5:42  SCV  
  51  5:46  Command Center, SCV  
  51  5:48  Missile Turret  
  52  5:50  Missile Turret  
  52  5:51  Missile Turret  
  52  5:55  Marine x2  
  54  5:58  Liberator  
  54  6:02  SCV  
  53  6:06  SCV  
  53  6:13  Marine x2  
  53  6:14  Marauder  
  53  6:16  SCV  
  61  6:27  SCV  
  61  6:28  Terran Infantry Weapons Level 1  
  61  6:31  Supply Depot  
  62  6:41  Marine, SCV x2  
  62  6:42  Marauder  
  67  7:01  Marine x2  
  67  7:02  SCV x2  
  67  7:05  Supply Depot, Barracks  
  67  7:07  Starport Reactor  
  71  7:11  Marauder  
  71  7:14  SCV x2  
  75  7:19  Marine  
  75  7:22  Marine  
  77  7:24  Orbital Command  
  77  7:27  SCV  
  77  7:29  Supply Depot  
  78  7:32  Marine  
  79  7:42  Marine x2  
  81  7:50  Marauder  
  83  7:51  Sensor Tower  
  83  7:55  Marine  
  83  7:57  Medivac  
  83  7:58  Medivac  
  88  8:00  Marine x2  
  90  8:07  Supply Depot  
  90  8:08  Refinery  
  90  8:11  Marauder  
  90  8:12  SCV x2  
  94  8:13  Marine  
  94  8:16  SCV  
  94  8:18  Marine  
  94  8:19  Combat Shields  
  97  8:24  SCV  
  97  8:27  Marine  
  98  8:31  Marine  
  98  8:33  Marauder  
  101  8:38  Marine  
  102  8:43  Medivac  
  102  8:44  Marine  
  102  8:45  SCV x2  
  102  8:46  SCV  
  108  8:55  Terran Infantry Armor Level 1  
  108  8:56  Marine  
  108  9:00  Supply Depot  
  109  9:19  Marine  
  109  9:21  Marauder  
  109  9:22  Medivac, Marauder  
  112  9:25  Marine  
  105  9:37  Marine  
  93  9:40  Medivac  
  93  9:42  Marauder  
  93  9:43  Marine  
  93  9:44  Marauder  
  88  9:55  Marine  
  88  9:57  Barracks x2  
  89  10:01  Marine  
  89  10:04  Marauder  
  89  10:05  Marauder  
  94  10:13  Marine  
  76  10:19  Marine, SCV x2  
  76  10:20  SCV  
  78  10:25  Marauder  
  78  10:26  Marauder  
  82  10:31  Marine  
  82  10:37  Marine, SCV x3  
  82  10:38  Engineering Bay  
  79  10:44  Armory  
  79  10:46  Marauder  
  79  10:48  Marine, Marauder  
  79  10:49  SCV x2, Barracks Reactor  
  88  10:50  Barracks Reactor, SCV  
  88  10:52  Barracks Tech Lab  
  88  10:53  Medivac x2  
  88  10:55  Marine  
  92  10:59  Barracks  
  92  11:01  SCV x2  
  92  11:02  SCV  
  95  11:04  Command Center  
  95  11:06  Marine  
  95  11:07  Marine  
  95  11:09  Marauder  
  99  11:12  Marine  
  99  11:13  SCV  
  99  11:14  SCV  
  99  11:16  Concussive Shells  
  99  11:18  Marine  
  102  11:21  SCV  
  102  11:23  Ghost Academy, Medivac  
  102  11:24  Marine  
  102  11:25  Marine  
  108  11:30  Marine, Marauder  
  111  11:34  Terran Infantry Weapons Level 2, Terran Infantry Armor Level 2  
  111  11:35  Marine x2  
  111  11:36  Marauder  
  111  11:37  Terran Ship Weapons Level 1  
  115  11:42  Marine  
  115  11:43  SCV  
  117  11:53  Supply Depot, Barracks Tech Lab  
  117  12:13  Supply Depot  
  117  12:14  Marine x4, Supply Depot, SCV x2  
  117  12:15  Marauder  
  125  12:16  Marauder x3, Medivac x2, SCV  
  127  12:32  Marine x4  
  127  12:36  Marauder  
  133  12:37  Marine, Marauder x2  
  135  12:45  Medivac  
  135  12:50  Marine  
  126  12:54  Marine x2  
  126  12:55  Medivac, Marauder  
  126  12:57  Marauder  
  132  13:05  Marine x2  
  132  13:06  Marauder  
  132  13:07  Marine  
  132  13:09  Widow Mine  
  132  13:12  Marine x2  
  128  13:17  Medivac, Marauder  
  128  13:18  SCV  
  128  13:19  Marauder  
  135  13:23  Marine, Marauder  
  135  13:25  Marine, Medivac  
  142  13:27  Marauder  
  142  13:29  Marine x2  
  142  13:38  Marauder  
  142  13:40  Marauder  
  142  13:41  Marine  
  140  13:43  Marine  
  140  13:45  Marauder  
  140  13:47  Marine, Medivac  
  144  13:48  Marauder  
  142  13:59  Marauder  
  129  14:09  Marine x3  
  117  14:10  Marauder x3  
  111  14:21  Marine, Marauder  
  111  14:22  SCV x3  
  103  14:27  Marine x2  
Tags
 
Add a new tag
Caveats
  • Supply blocks, unpowered buildings, or Contaminate may cause inaccurate times.
  • Supply counts are checked every 10 seconds.